 Dungeon Crawl Stone Soup version 0.14-a0-2785-gb4497b5 (webtiles) character file.

57 ManOfSteam the Charlatan (level 2, -2/21 HPs)
             Began as a Djinni Artificer on Feb 24, 2014.
             Slain by a gnoll
             ... wielding a +0,+0 flail
              (4 damage)
             ... on Level 2 of the Dungeon.
             The game lasted 00:12:50 (1158 turns).

ManOfSteam the Charlatan (Djinni Artificer)         Turns: 1158, Time: 00:12:52

HP  -2/21        AC  3     Str 11      XL: 2   Next: 96%
MP   0/0         EV 11     Int 17      God:
Gold 29          SH  0     Dex 13      Spells:  0 memorised,  1 level left

rFire  + + +     SeeInvis .     l - -3 short sword
rCold  x . .     Clarity  .     e - +0 leather armour
rNeg   + + +     Conserve .     (no shield)
rPois  .         rCorr    +     (no helmet)
rElec  .         rRot     .     (no cloak)
SustAb . .       Spirit   .     (no gloves)
rMut   .         Warding  .     (boots unavailable)
Saprov . . .     Stasis   .     f - amulet of resist corrosion
MR     .....                    (no ring)
                                (no ring)

@: brilliant, flying, mildly poisoned, not resistant to hostile enchantments,
unstealthy
A: fire immunity, cold vulnerability, life protection 3
a: no special abilities


You were on level 2 of the Dungeon.
You were not hungry.

You visited 1 branch of the dungeon, and saw 2 of its levels.

You collected 29 gold pieces.

Inventory:

Hand weapons
 a - a +0,+0 short sword
 l - a -3,-3 short sword (weapon)
Missiles
 q - 5 darts (quivered)
Armour
 e - a +0 leather armour (worn)
Magical devices
 b - a wand of flame (10)
 c - a wand of enslavement (12)
 d - a wand of random effects (12)
Comestibles
 o - a meat ration
 p - a bread ration
Jewellery
 f - an amulet of resist corrosion (around neck)


   Skills:
 + Level 1.0 Fighting
 + Level 1.2 Short Blades
 + Level 0.4 Armour
 + Level 2.0 Dodging
 + Level 0.7 Stealth
 + Level 4.1 Evocations


You had one spell level left.
You didn't know any spells.

Dungeon Overview and Level Annotations

Branches:
Dungeon (2/16)

Altars:


Innate Abilities, Weirdness & Mutations

You are immune to all types of fire, even holy and hellish.
You are vulnerable to cold.
You need no food.
You have no legs.
You are immune to negative energy.


Message History

You feel clever all of a sudden.
It was a potion of brilliance.
The adder closely misses you. The gnoll misses you.
Read which item? (? for menu, Esc to quit)
As you read the scroll labeled OLUILINN MANG, it crumbles to dust.
You feel aware of your surroundings.
You sensed 1 altar.
It was a scroll of magic mapping.
The adder bites you.
* * * LOW HITPOINT WARNING * * *
The adder closely misses you.
Read which item? (? for menu, Esc to quit)
As you read the scroll labeled IJACLOESUSM, it crumbles to dust.
Use on which item? (\ to view known items) (? for menu, Esc to quit)
f - an amulet of resist corrosion (around neck)
You don't have any unidentified items.
It was a scroll of identify.
* * * LOW HITPOINT WARNING * * *
You feel sick.
You feel a little better. The gnoll hits you with a flail.
You die...

* ##..#.##*
,,,,,,***,* *
*......, ,,,,*,** *,*
*,....#*******,#***,*
*
*,,...########.#..,,,
*
*###..##...........,,
*
#....##..<.##.#.#*,,
* #####
#.#.###.%#......g.,,
######...#
#.#S###....##.#.#,,,
.........#
#.#@ggl...#.....g,,,
*****#...#
#.#####.###...#.g,,,
##.######.# #.#
*..##**,,,
#.........# #.# *,.#
***,
#^.########***#.#
*,.# *, #..# ***,,..#
*,,* *, #..#
**,,,,..#**,,** ***,
#..#
**,,,,,...,,,,,,,,,,,
#..# *,,,≈≈≈.b.*
,,*******


You could see 2 gnolls, an adder and a giant gecko.

Vanquished Creatures
  A gnoll (D:2)
  6 bats (D:1)
  4 hobgoblins (D:1)
  2 jackals (D:2)
  3 kobolds (D:1)
  3 giant cockroaches
  3 goblins (D:1)
  3 rats
25 creatures vanquished.

Vanquished Creatures (collateral kills)
  A hobgoblin (D:1)
  A bat (D:1)
2 creatures vanquished.

Grand Total: 27 creatures vanquished

Notes
Turn   | Place    | Note
--------------------------------------------------------------
     0 | D:1      | ManOfSteam, the Djinni Artificer, began the quest for the Orb.
     0 | D:1      | Reached XP level 1. HP: 13/13 MP: 0/0
   277 | D:1      | Reached skill level 1 in Short Blades
   380 | D:1      | Reached XP level 2. EP: 17/21
   472 | D:1      | Reached skill level 1 in Fighting
   489 | D:1      | Reached skill level 4 in Evocations
  1158 | D:2      | HP: 1/21 [poisoned by an adder]
  1158 | D:2      | Slain by a gnoll

Action                   || total
-------------------------++-------
Melee: Short sword       ||   121
Throw: Dart              ||     1
Evoke: Wand              ||    11
  Use: Potion            ||     5
       Scroll            ||     3
